Map: 에코 - 래더

Players

Ryung - Winner!

  • Race: Terran Terran
  • League: Master
  • Spawn Location: 5:00

losira

  • Race: Zerg Zerg
  • Spawn Location: 11:00

VOD

Have the link to the VOD?

Description

Time

  • Played on: Nov. 26, 2016, 4:25 a.m.
  • Length: 14:10
Show
View Real Time Build Order
Export as new Build Order

Ryung Terran - Winner!

Build Orders: Bio Tank 

Get SALT Encoding   

  12  0:00  SCV  
  13  0:13  SCV  
  14  0:17  Supply Depot  
  14  0:25  SCV  
  15  0:39  SCV  
  16  0:43  Barracks  
  16  0:44  Refinery  
  16  0:51  SCV  
  17  1:00  Barracks  
  17  1:03  SCV  
  18  1:15  SCV  
  19  1:30  Orbital Command, Reaper  
  20  1:34  Barracks  
  20  1:40  Refinery  
  20  1:47  Reaper  
  20  1:52  Supply Depot  
  21  1:55  SCV  
  22  2:04  Reaper  
  23  2:14  Supply Depot, SCV  
  24  2:19  Reaper  
  25  2:27  Reaper, SCV  
  27  2:38  Reaper  
  27  2:39  SCV  
  29  2:52  Command Center, SCV  
  29  2:57  Reaper  
  31  3:04  SCV  
  32  3:05  Reaper  
  33  3:16  SCV  
  35  3:28  SCV  
  36  3:38  Barracks Tech Lab  
  36  3:39  Command Center  
  36  3:40  SCV  
  36  3:51  Barracks Tech Lab  
  36  3:52  Barracks Reactor, SCV  
  37  3:57  Marine  
  37  3:58  Stimpack  
  38  4:04  SCV  
  38  4:06  Orbital Command  
  39  4:10  Combat Shields, Marine  
  39  4:16  SCV  
  41  4:23  Supply Depot  
  41  4:27  Factory  
  41  4:28  SCV  
  42  4:31  Marine x2  
  42  4:32  Marine  
  42  4:34  SCV  
  42  4:37  Marine  
  47  4:40  SCV  
  48  4:46  SCV  
  48  4:49  Marine x3  
  52  4:53  Orbital Command, SCV  
  52  4:55  Marine  
  55  5:00  SCV  
  55  5:05  SCV  
  56  5:13  Factory Reactor  
  56  5:14  Starport  
  55  5:15  Engineering Bay  
  55  5:17  SCV x2  
  55  5:18  Engineering Bay, Marine x3  
  60  5:21  SCV  
  60  5:22  Marine  
  62  5:32  SCV x2  
  62  5:33  Refinery x2, SCV  
  61  5:43  Marine x4  
  61  5:46  SCV x2  
  61  5:47  Orbital Command  
  66  5:51  Terran Infantry Weapons Level 1, Terran Infantry Armor Level 1  
  66  5:58  SCV  
  66  5:59  SCV  
  66  6:00  Factory Reactor  
  66  6:01  Marine  
  66  6:03  Medivac  
  66  6:04  Medivac  
  73  6:05  Supply Depot  
  73  6:07  Supply Depot  
  73  6:09  Marine x3  
  73  6:10  SCV  
  77  6:17  SCV x2  
  79  6:19  Marine  
  80  6:25  Barracks  
  80  6:26  Barracks  
  80  6:29  Marine x2  
  80  6:30  Marine  
  83  6:33  Medivac, SCV x3  
  83  6:34  Medivac  
  83  6:39  Supply Depot  
  90  6:44  Supply Depot  
  90  6:46  Armory  
  90  6:47  SCV x3  
  90  6:49  Marine x4  
  97  6:54  Widow Mine  
  97  6:55  Widow Mine  
  97  6:59  Refinery  
  97  7:01  SCV x3  
  104  7:05  Supply Depot  
  104  7:08  Supply Depot  
  104  7:16  Marine x2  
  104  7:18  Barracks Reactor x2  
  106  7:24  Medivac x2  
  106  7:27  SCV x3  
  106  7:28  Factory  
  113  7:42  Marine x2  
  113  7:43  Marauder x2  
  114  7:50  Factory Tech Lab  
  111  7:55  Terran Infantry Armor Level 2, SCV x3  
  111  7:57  Terran Infantry Weapons Level 2  
  114  7:58  Terran Vehicle Weapons Level 1  
  114  8:04  Marine x2  
  114  8:05  Marauder, Marine x4  
  122  8:06  Marauder  
  122  8:10  Siege Tank, Supply Depot x2  
  122  8:11  Factory Tech Lab  
  122  8:12  Bunker, Supply Depot  
  127  8:13  Refinery  
  127  8:15  Supply Depot  
  127  8:16  Supply Depot  
  126  8:27  Marine x6  
  126  8:32  Siege Tank, Marauder x2  
  139  8:34  SCV x2  
  139  8:35  SCV  
  139  8:36  Supply Depot  
  139  8:37  Supply Depot  
  142  8:44  Siege Tank  
  141  8:57  Marauder x2, Marine x4  
  141  8:58  Barracks Reactor  
  145  9:07  Siege Tank  
  147  9:10  Missile Turret  
  147  9:14  Barracks  
  147  9:15  Barracks  
  147  9:17  Barracks  
  147  9:18  Marine x4  
  147  9:19  Siege Tank, Marauder  
  147  9:22  Supply Depot  
  147  9:23  Medivac x2  
  160  9:35  Marine x3  
  160  9:36  Marine  
  164  9:40  Marauder  
  166  9:48  Marine x2  
  166  9:50  Marine  
  157  9:53  Marauder, Marine  
  157  9:55  Marine  
  157  9:56  Marine  
  157  9:58  Siege Tank  
  157  9:59  Medivac x2  
  153  10:09  Supply Depot  
  153  10:11  Supply Depot  
  153  10:12  Supply Depot x3  
  151  10:14  Terran Infantry Weapons Level 3, Terran Infantry Armor Level 3  
  151  10:23  Barracks Reactor, Barracks Tech Lab  
  151  10:31  Marine x7  
  151  10:33  Marauder  
  158  10:35  Siege Tank x2  
  158  10:42  Marine x2  
  148  10:53  Marine x4  
  148  10:57  Command Center  
  152  11:02  Terran Vehicle Weapons Level 2  
  152  11:09  Siege Tank x2  
  158  11:13  Marine x8  
  158  11:14  Marine x2  
  168  11:27  Medivac x2  
  168  11:28  Marine x2  
  171  11:49  Marine x2  
  171  11:50  Marauder x2, Marine x4  
  171  11:53  Siege Tank  
  184  11:56  Siege Tank  
  184  11:57  Medivac x2  
  185  12:01  Marine x2  
  185  12:03  Marine x2  
  182  12:16  Marine x4  
  182  12:33  Marine x6  
  182  12:36  Marine x2  
  190  12:40  Medivac x2  
  190  12:43  Marine x4  
  198  12:48  Missile Turret  
  198  12:49  Missile Turret  
  198  12:50  Sensor Tower  
  198  13:14  Marine x2  
  196  13:20  Marine x4  
  196  13:21  Marine x2  
  196  13:22  Marine x4  
  196  13:25  Siege Tank x2  
  196  13:29  Marine  
  196  13:32  Marine x2  
  196  13:38  Marine  
  190  13:52  Marine x6  
Show
View Real Time Build Order
Export as new Build Order

losira Zerg 

Build Orders: Hatch First 

Get SALT Encoding   

  12  0:00  Drone  
  13  0:12  Overlord  
  13  0:17  Drone  
  14  0:31  Drone x2  
  14  0:34  Drone  
  17  0:52  Hatchery  
  16  0:57  Drone  
  16  1:00  Drone  
  18  1:07  Drone  
  18  1:08  Extractor  
  18  1:16  Spawning Pool  
  17  1:19  Drone  
  18  1:28  Drone  
  19  1:40  Overlord  
  19  1:53  Drone  
  20  2:03  Queen x2  
  20  2:04  Zergling x4  
  20  2:07  Metabolic Boost  
  27  2:15  Drone  
  27  2:16  Drone  
  28  2:23  Drone  
  28  2:25  Drone  
  30  2:32  Drone  
  32  2:37  Drone  
  32  2:39  Queen  
  32  2:41  Queen  
  35  2:48  Overlord  
  35  2:52  Zergling x2  
  35  2:54  Overlord  
  36  3:07  Zergling x4  
  36  3:08  Zergling x2  
  36  3:11  Zergling x2  
  36  3:12  Zergling x8  
  44  3:15  Zergling x2  
  44  3:22  Zergling x2  
  44  3:26  Zergling x2  
  43  3:27  Zergling x2  
  43  3:33  Zergling x2  
  45  3:40  Zergling x2  
  46  3:44  Zergling x2  
  47  3:52  Drone  
  47  3:53  Drone  
  47  3:55  Drone x3  
  52  3:56  Overlord  
  52  3:59  Overlord  
  51  4:14  Drone  
  52  4:17  Drone  
  52  4:18  Drone  
  52  4:19  Drone  
  52  4:20  Drone  
  52  4:23  Drone x6  
  62  4:31  Drone  
  62  4:32  Drone  
  62  4:34  Queen  
  65  4:43  Hatchery  
  64  4:52  Evolution Chamber, Queen  
  66  4:54  Evolution Chamber  
  66  4:57  Overlord  
  64  5:00  Drone x3  
  64  5:05  Overlord  
  67  5:16  Drone  
  67  5:17  Drone  
  67  5:18  Drone x4  
  67  5:20  Overlord  
  75  5:24  Zerg Ground Armor Level 1  
  75  5:26  Zerg Missile Weapons Level 1  
  75  5:28  Drone  
  76  5:29  Drone  
  76  5:31  Drone  
  78  5:36  Roach Warren  
  78  5:40  Drone  
  78  5:41  Drone x2  
  78  5:42  Drone  
  76  5:44  Drone  
  76  5:45  Drone  
  73  5:50  Overlord  
  73  5:52  Drone x3  
  73  5:56  Drone x2  
  78  6:00  Lair, Overlord  
  78  6:03  Overlord  
  78  6:06  Extractor  
  78  6:09  Extractor  
  78  6:10  Drone x3  
  79  6:13  Drone  
  79  6:14  Drone, Extractor  
  79  6:15  Extractor  
  79  6:17  Drone  
  82  6:18  Roach  
  82  6:19  Extractor, Roach x3  
  86  6:26  Roach  
  86  6:31  Drone x3  
  86  6:32  Roach x3  
  97  6:36  Drone  
  98  6:40  Hatchery  
  98  6:42  Overlord  
  98  6:43  Roach x2  
  98  6:44  Roach  
  104  6:47  Roach x2  
  104  6:52  Overlord  
  106  6:54  Roach  
  106  6:55  Roach x2  
  106  6:56  Overlord  
  106  7:00  Glial Reconstitution  
  114  7:01  Roach  
  114  7:04  Overlord  
  114  7:05  Roach  
  114  7:06  Roach  
  114  7:08  Roach  
  120  7:11  Roach  
  120  7:14  Roach  
  120  7:15  Roach x2  
  127  7:18  Overlord  
  125  7:22  Zergling x2  
  125  7:23  Zergling x6  
  125  7:27  Zergling x2  
  129  7:30  Overlord  
  129  7:33  Zerg Ground Armor Level 2  
  129  7:35  Zergling x8  
  126  7:46  Zerg Missile Weapons Level 2  
  126  7:47  Zergling x12  
  132  7:53  Roach x5  
  132  7:54  Zergling x2  
  132  7:55  Zergling x4  
  143  8:00  Drone x2  
  145  8:07  Drone  
  145  8:08  Spore Crawler, Drone x3  
  145  8:11  Drone  
  149  8:13  Extractor  
  149  8:17  Extractor  
  146  8:21  Drone x8  
  146  8:25  Drone x6  
  146  8:26  Drone  
  161  8:31  Overlord  
  161  8:32  Overlord  
  161  8:35  Ravager  
  161  8:36  Ravager x6  
  161  8:39  Overlord  
  161  8:40  Overlord x2  
  168  8:42  Overlord  
  164  8:56  Ravager x2  
  164  8:58  Zergling x6  
  164  8:59  Zergling x22  
  180  9:05  Ravager  
  180  9:06  Ravager x5  
  186  9:12  Spine Crawler x2  
  186  9:16  Ravager  
  186  9:17  Ravager  
  186  9:18  Zergling x20  
  196  9:25  Ravager  
  196  9:26  Ravager  
  196  9:30  Ravager x2  
  198  9:49  Zergling x2  
  198  9:50  Zerg Melee Weapons Level 1  
  198  9:51  Roach x10  
  198  9:58  Roach x7  
  191  10:02  Roach x3  
  191  10:03  Zergling x2  
  191  10:04  Zergling x10  
  194  10:07  Zergling x6  
  194  10:13  Zergling x8  
  198  10:17  Ravager x2, Extractor  
  198  10:21  Infestation Pit  
  198  10:29  Spine Crawler  
  198  10:30  Spore Crawler, Spine Crawler, Drone x2  
  198  10:31  Drone x2  
  193  10:38  Zergling x2  
  193  10:39  Zergling x12, Hatchery  
  174  10:51  Burrow  
  173  10:57  Infestor x3  
  173  10:59  Hive  
  173  11:00  Zergling x24  
  191  11:04  Zergling x2  
  191  11:05  Zergling x10  
  191  11:08  Ravager  
  191  11:09  Zergling x2  
  199  11:16  Baneling Nest, Zergling x2  
  199  11:22  Spine Crawler  
  195  11:42  Baneling Nest, Zergling x8  
  192  11:51  Zergling x2  
  192  11:52  Zergling x14  
  197  11:59  Centrifical Hooks  
  197  12:02  Spire  
  183  12:15  Adrenal Glands  
  177  12:18  Drone x5, Ultralisk Cavern  
  177  12:19  Extractor, Drone  
  177  12:20  Drone x2  
  177  12:22  Extractor  
  177  12:24  Hatchery  
  177  12:26  Zergling x2  
  177  12:27  Zergling x32  
  177  12:29  Zergling x6  
  195  12:33  Zergling x2  
  195  12:34  Zergling x2  
  197  12:42  Zergling x2  
  197  12:43  Zergling x2  
  199  12:48  Baneling x8  
  199  12:49  Baneling x15  
  199  12:53  Baneling x3  
  191  13:10  Baneling x7  
  191  13:11  Zergling x4, Baneling x6  
  191  13:12  Zergling x14  
  140  13:28  Ultralisk  
  140  13:29  Zergling x2  
  140  13:30  Zergling x22  
Tags
 
Composition
Bio Tank
League
Master
Matchup
TvZ
Spawn Locations
Cross Positions
Add a new tag
Caveats
  • Supply blocks, unpowered buildings, or Contaminate may cause inaccurate times.
  • Supply counts are checked every 10 seconds.